 Dungeon Crawl Stone Soup version 0.29.1-15-g9cfb28693d (webtiles) character file.

Game seed: 3519483502289271907

7 ChrisAssaf the Magician (level 2, -1/21 HPs)
             Began as a Djinni Enchanter on Apr 30, 2023.
             Slain by an endoplasm (2 damage)
             ... on level 1 of the Dungeon.
             The game lasted 00:00:44 (55 turns).

ChrisAssaf the Magician (Djinni Enchanter)            Turns: 55, Time: 00:00:45

Health: -1/21      AC:  2    Str:  7    XL:     2   Next: 5%
Gold:   0          EV: 12    Int: 16    God:
                   SH:  0    Dex: 13

rFire   + + .      SeeInvis .   a - +1 dagger
rCold   x . .      Faith    .   (no shield)
rNeg    . . .      Spirit   .   b - +0 robe
rPois   ∞          Reflect  .   (no helmet)
rElec   .          Harm     .   (no cloak)
rCorr   .          Rampage  .   (no gloves)
Will    .....                   (boots unavailable)
Stlth   ++........              (no amulet)
HPRegen 0.07/turn               (no ring)
MPRegen 0.00/turn               (no ring)

@: flying, invisible
A: sickness immunity, fire resistance 2, cold vulnerability 1, float, innate
caster, HP casting, extra vitality 1
a: no special abilities


You were on level 1 of the Dungeon.
You visited 1 branch of the dungeon, and saw 1 of its levels.

Inventory:

Hand Weapons
 a - a +1 dagger (weapon)
Armour
 b - a +0 robe (worn)


   Skills:
 * Level 0.1 Fighting
 * Level 1.0 Short Blades
 * Level 0.3 Armour
 * Level 2.2 Dodging
 * Level 2.5 Stealth
 * Level 2.5 Spellcasting


You couldn't memorise any spells.
You knew the following spells:

 Your Spells              Type           Power      Damage    Failure   Level
a - Ensorcelled Hibernat  Hex/Ice        20%        N/A       11%         2
b - Confusing Touch       Hex            10%        N/A       21%         3
c - Tukima's Dance        Hex            10%        N/A       21%         3
d - Dazzling Flash        Conj/Hex       20%        N/A       21%         3
Your spell library was empty.

Dungeon Overview and Level Annotations

Branches:
Dungeon (1/15)

Altars:


Innate Abilities, Weirdness & Mutations

You are immune to sickness and miasma.
You are immune to poison.
Your flesh is very heat resistant. (rF++)
You are vulnerable to cold. (rC-)
You float through the air rather than walking.
You learn spells naturally, not from books.
Your magical power is your life essence.
You have superior vitality. (+4 MHP)


Message History

You fade into invisibility!
The goblin barely misses you. The ball python bites you.
* * * LOW HITPOINT WARNING * * *
The ball python constricts you.
* * * LOW HITPOINT WARNING * * *
You escape the ball python's grasp.
The ball python misses you.
You hit the ball python.
The ball python is severely wounded.
The ball python closely misses you. The ball python barely misses you.
You closely miss the ball python.
The ball python is severely wounded.
You strike the helpless ball python from behind!
You puncture the ball python!
You kill the ball python!
There is an open door, spattered with blood here.
The ball python hisses angrily.
You hit the goblin.
The goblin is moderately wounded.
The goblin misses you.
You closely miss the goblin.
The goblin is moderately wounded.
The goblin completely misses you.
The ball python hisses angrily.
You hit the goblin.
You kill the goblin!
Your Short Blades skill increases to level 1!
You have reached level 2!
You barely miss the ball python. The ball python bites you.
* * * LOW HITPOINT WARNING * * *
You hit the ball python.
You kill the ball python!
The frilled lizard hisses angrily.
Okay, then.
You aren't carrying any scrolls.
Unknown command.
Okay, then.
You fade further into invisibility.
The endoplasm hits you.
You die...

## .......†...###
...#.........#
..###...####l####
#..##PP#.#PP##
#.##P~~#.#..P##
###P~~~#.#.P.P##
#P~~~~#.#..PPP#
#P~~~~#J#...PP#
#######@#######
+......<......+
#######.#######
#PP...#.#~~~~P#
#PP...#.#~~~~P#
##P...#.#~~~P##
##P.P#.#~~P##
##PP#.#PP##
####+####


You could see an endoplasm and a frilled lizard (wandering, unable to see you).

Vanquished Creatures
  A dart slug (D:1)
  3 ball pythons (D:1)
  A goblin (D:1)
5 creatures vanquished.

Notes
Turn   | Place    | Note
-------+----------+-------------------------------------------
     0 | D:1      | ChrisAssaf the Djinni Enchanter began the quest for the
                  | Orb.
     0 | D:1      | ChrisAssaf set off with the following spells memorised:
                  | Ensorcelled Hibernation, Confusing Touch, Tukima's Dance,
                  | Dazzling Flash.
     0 | D:1      | Reached XP level 1. HP: 15/15 MP: 0/0
    48 | D:1      | Reached skill level 1 in Short Blades
    48 | D:1      | Reached XP level 2. HP: 3/21 MP: 0/0
    48 | D:1      | HP: 1/21 [ball python (2)]
    55 | D:1      | Slain by an endoplasm

Illustrated notes

Levels and vault maps discovered:
D:1:      psy_arrival_terrarium, layout_rooms, nicolae_ecumenical_snake_handling

Skill      XL: |  1 |
---------------+----+-----
Short Blades   | 1 |  1.0
Fighting       | |  0.1
Armour         | |  0.3
Dodging        | |  2.2
Stealth        | |  2.5
Spellcasting   | |  2.5

Action                   || total
-------------------------++-------
Melee: Dagger            ||    13
  Use: Potion            ||     2
 Stab: Invisible         ||     1
       Sleeping          ||     1
Dodge: Dodged            ||    15
